 Dungeon Crawl Stone Soup version 0.31-a0-940-gdaa99269f9 (webtiles) character file.

Game seed: 16550629398405314443

20077 kae the Jinx (level 12, -2/89 HPs)
             Began as a Demonspawn Enchanter on Oct 20, 2023.
             Was a High Priest of Dithmenos.
             Slain by a red ugly thing (18 damage)
             ... on level 12 of the Dungeon.
             The game lasted 00:15:17 (11929 turns).

kae the Jinx (Demonspawn Enchanter)                Turns: 11929, Time: 00:15:18

Health: -2/89      AC:  8    Str: 11    XL:     12   Next: 42%
Magic:  23/31      EV: 11    Int: 22    God:    Dithmenos [*****.]
Gold:   427        SH:  0    Dex: 14    Spells: 14/25 levels left

rFire   . . .        u - +4 dagger (heavy)
rCold   . . .        (no shield)
rNeg    . . .        o - +2 ring mail of Love and Death {Will+ Str+3}
rPois   .            (no helmet)
rElec   .            s - scarf {repulsion}
rCorr   .            J - +0 pair of gloves
SInv    +            (no boots)
Will    +....        g - amulet of regeneration
Stlth   +++++        W - ring of magical power
HPRegen 1.14/turn    v - ring of see invisible
MPRegen 0.22/turn

%: repel missiles
@: wreathed by umbra, studying Unarmed Combat
A: sturdy frame 1, condensation shield, demonic touch 2
a: Renounce Religion, Shadow Step, Shadow Form


You were on level 12 of the Dungeon.
You worshipped Dithmenos.
Dithmenos was extremely pleased with you.
You visited 2 branches of the dungeon, and saw 13 of its levels.
You also visited: Bailey.

You collected 736 gold pieces.
You spent 309 gold pieces at shops.


Innate Abilities, Weirdness & Mutations

Your movements are slightly less encumbered by armour. (ER -2)
A meltable shield of frost defends you. (SH +0)
Your touch may inflict irresistible damage on your foes.


   Skills:
 + Level 6.9 Fighting
 * Level 9.5 Short Blades
 - Level 1.7 Dodging
 + Level 7.9 Stealth
 + Level 7.0 Spellcasting
 * Level 10.8 Hexes
 - Level 4.1 Ice Magic
 + Level 8.8 Invocations


You had 14 spell levels left.
You knew the following spells:

 Your Spells              Type           Power      Damage    Failure   Level
a - Ensorcelled Hibernat  Hex/Ice        80%        N/A       1%          2
b - Confusing Touch       Hex            53%        N/A       1%          3
c - Tukima's Dance        Hex            53%        N/A       1%          3
d - Dazzling Flash        Conj/Hex       62%        N/A       4%          3

Your spell library contained the following spells:

 Spells                   Type           Power      Damage    Failure   Level
 Foxfire                  Conj/Fire      28%        2x1d5     13%         1
 Shock                    Conj/Air       28%        1d4       13%         1
 Swiftness                Air            7%         N/A       36%         3
 Airstrike                Air            3%         2d(1-17)  77%         4
 Vhi's Electric Charge    Tloc/Air       14%        N/A       77%         4
 Arcjolt                  Conj/Air       3%         1d13      98%         5
 Plasma Beam              Fire/Air       3%         2x1d13    100%        6
 Starburst                Conj/Fire      3%         6d3       100%        6

Inventory:

Hand Weapons
 a - a +1 dagger
 f - a +1 dagger of venom
   (You took it off an orc wizard on level 3 of the Dungeon)
 u - a +4 heavy dagger (weapon)
   (You took it off a wight on level 6 of the Dungeon)
Missiles
 d - 161 stones
 p - 18 boomerangs
 F - 13 poisoned darts
 Q - 5 silver javelins
Armour
 b - a +1 robe
 o - the +2 ring mail of Love and Death (worn) {Will+ Str+3}
   (You found it on level 4 of the Dungeon)

   Str+3:     It affects your strength (+3).
   Will+:     It increases your willpower.
 s - a scarf of repulsion (worn)
   (You found it on level 2 of the Dungeon)
 z - a scarf of resistance
   (You found it on level 7 of the Dungeon)
 J - a +0 pair of gloves (worn)
   (You found it on level 7 of the Dungeon)
Magical Staves
 n - a staff of air {!a}
   (You found it on level 3 of the Dungeon)
Jewellery
 c - a ring of protection from cold
   (You found it on level 7 of the Dungeon)
 g - an amulet of regeneration (around neck)
   (You found it on level 2 of the Dungeon)
 v - a ring of see invisible (right hand)
   (You found it on level 5 of the Dungeon)
 D - an amulet of magic regeneration
   (You took it off a yaktaur on level 12 of the Dungeon)
 G - an amulet of guardian spirit
   (You found it on level 3 of the Dungeon)
 K - the ring of the Pariah {rElec rF+ rN+++ Int+6 Dex-4}
   (You found it on level 9 of the Dungeon)

   [ring of intelligence]

   Int+6:     It affects your intelligence (+6).
   Dex-4:     It affects your dexterity (-4).
   rF+:       It protects you from fire.
   rElec:     It insulates you from electricity.
   rN+++:     It renders you almost immune to negative energy.
 W - a ring of magical power (left hand)
   (You found it on level 1 of the Dungeon)
Wands
 q - a wand of acid (11)
   (You found it on level 4 of the Dungeon)
 w - a wand of paralysis (12)
   (You found it on level 6 of the Dungeon)
 I - a wand of roots (3)
   (You took it off Maurice on level 10 of the Dungeon)
 O - a wand of flame (21)
   (You found it on level 11 of the Dungeon)
Scrolls
 e - 6 scrolls of teleportation {@r4}
 y - a scroll of silence {!r}
 H - 2 scrolls of revelation
 M - a scroll of enchant armour
 N - a scroll of blinking {!r}
 P - a scroll of immolation {!r!r}
 S - a scroll of identify {@r1}
Potions
 h - 3 potions of berserk rage {!q}
 i - 4 potions of curing {unknown}
 j - 4 potions of might
 k - 4 potions of mutation {!q}
 l - 2 potions of degeneration {!q}
 m - 6 potions of lignification {!q}
 r - 6 potions of heal wounds {@q2}
 t - 2 potions of enlightenment
 x - 4 potions of haste {@q3}
 A - 4 potions of magic
 B - 3 potions of resistance
 C - 4 potions of invisibility
 E - a potion of cancellation
 L - 2 potions of brilliance
Miscellaneous
 R - a condenser vane
   (You found it on level 12 of the Dungeon)

Dungeon Overview and Level Annotations

Branches:
Dungeon (12/15) Zot: 25571  Temple (1/1) D:4 Zot: 5998    Lair (0/5) D:9
 Bailey (visited)
    Orc: D:9-12

Altars:
Ashenzari
Cheibriados
Dithmenos
Fedhas
Gozag
Hepliaklqana
Kikubaaqudgha
Makhleb
Nemelex Xobeh
Okawaru
Qazlal
Ru
Sif Muna
Trog
Uskayaw
Vehumet
Wu Jian
Xom
Yredelemnul

Shops:
D:5 [   D:10 *

Annotations:
D:4 3 runed translucent doors, kae's ghost, novice DsEn
D:5 2 transporters

.[.. #.#.#...#.####.##<.# #
#.#..#.#.#.########.###J###
.........#............†....
#u.#.########.#######
#.#.#.# #.# ##### #u#.).#
#.# #.... #.#.#u# #.# #.###
.#..#u# ###.###.#
....#@######....##.#
..#..#.........#....#
#..###.#.........#.##.# ...
#.#..............# ..
..#..########.####
################..# #.#
..................# #.#
.#..####.#.######.# #.#
.#.#####...### #.########.#


You could see 2 ugly things.


Message History

Aiming: Ensorcelled Hibernation (safe; 1% risk of failure)
Press: ? - help, Shift-Dir - straight line, f/p - deep elf archer
Aim: a deep elf archer, wielding a +0 short sword and wearing a +0 leather armour (repelling missiles, umbra, chance to affect: 17%)
The deep elf archer looks drowsy... 😕 HP[+1] MP[-2]
You lost 2 mp, and now have 23/31 mp.
The helpless deep elf archer fails to defend itself.
You stick the deep elf archer like a pincushion!!!
You kill the deep elf archer!
Dithmenos accepts your kill.
Your Spellcasting skill increases to level 7! 😕 HP[+1] MP[+1]
You start resting. 😎 HP[+4]
Your hp is fully restored (89).
Items here: )) [ †.
w - a wand of paralysis (12) (gained 3 charges)
You see here a +0 rapier.
A red ugly thing is nearby!
A red ugly thing is nearby!
A red ugly thing is nearby!
A red ugly thing is nearby! 😎 MP[+4]
You regained 4 mp, and now have 28/31 mp.
The white ugly thing gurgles horribly!
The red ugly thing gurgles horribly! 😎 MP[+1]
You see here a +0 rapier.
Items here: )) [ †. 😎 MP[+1]
Casting: Ensorcelled Hibernation (safe; 1% risk of failure)
Confirm with . or Enter, or press ? or * to list all spells.
Your hands begin to glow red.
The white ugly thing basks in the mutagenic energy from its kin and changes! 😎 MP[-3]
You lost 3 mp, and now have 27/31 mp.
You hit the red ugly thing but do no damage.
The red ugly thing basks in the mutagenic energy from its kin and changes!
You barely miss the red ugly thing.
You touch the red ugly thing!
Casting: Confusing Touch (safe; 1% risk of failure)
Confirm with . or Enter, or press ? or * to list all spells.
Aiming: Ensorcelled Hibernation (safe; 1% risk of failure)
Press: ? - help, Shift-Dir - straight line, f - red ugly thing
Aim: a red ugly thing (lightly wounded, chance to confuse on hit: 56%, umbra, chance to affect: 49%)
The red ugly thing resists with some effort.
The red ugly thing engulfs you!
You are engulfed in flames!!
Your condensation shield dissipates! 😮 HP[-31] MP[-1]
You take 31 damage, and now have 58/89 hp.
MASSIVE DAMAGE!! (PAUSE)
You lost 1 mp, and now have 26/31 mp.
Casting: Ensorcelled Hibernation (safe; 1% risk of failure)
Confirm with . or Enter, or press ? or * to list all spells.
Aiming: Ensorcelled Hibernation (safe; 1% risk of failure)
Press: ? - help, Shift-Dir - straight line, f/p - red ugly thing
Aim: a red ugly thing (lightly wounded, chance to confuse on hit: 56%, umbra, chance to affect: 49%)
The red ugly thing resists with some effort.
Your shadow mimics your spell!
The red ugly thing easily resists.
The red ugly thing engulfs you.
You are engulfed in flames!
* * * LOW HITPOINT WARNING * * *
😨 HP[-15] MP[-2]
You take 15 damage, and now have 43/89 hp.
You lost 2 mp, and now have 24/31 mp.
Unknown command.
Casting: Ensorcelled Hibernation (safe; 1% risk of failure)
Confirm with . or Enter, or press ? or * to list all spells.
Aiming: Ensorcelled Hibernation (safe; 1% risk of failure)
Press: ? - help, Shift-Dir - straight line, f/p - red ugly thing
Aim: a red ugly thing (lightly wounded, chance to confuse on hit: 56%, umbra, chance to affect: 49%)
The red ugly thing looks drowsy... 😨 HP[+1] MP[-2]
You lost 2 mp, and now have 22/31 mp.
The helpless red ugly thing fails to defend itself.
You hit the red ugly thing but do no damage.
The red ugly thing appears confused.
The white ugly thing basks in the mutagenic energy from its kin and changes!
The red ugly thing engulfs the red ugly thing but does no damage. 😮 HP[+1]
You hit the red ugly thing but do no damage.
You touch the red ugly thing.
The red ugly thing engulfs you!
* * * LOW HITPOINT WARNING * * *
You are engulfed in flames!
* * * LOW HITPOINT WARNING * * *
😱 HP[-27]
You take 27 damage, and now have 18/89 hp.
MASSIVE DAMAGE!! (PAUSE)
You hit the red ugly thing but do no damage. 😱 HP[+1] Unknown command.
You hit the red ugly thing.
The red ugly thing engulfs the red ugly thing.
The red ugly thing is engulfed in flames!
The red ugly thing resists. 😱 HP[+1] MP[+1]
You strike the helpless red ugly thing from behind!
You impale the red ugly thing!!
You touch the red ugly thing.
The red ugly thing engulfs you.
* * * LOW HITPOINT WARNING * * *
You are engulfed in flames!!
You die...

Skill      XL: |  1  2  3  4  5  6  7  8  9 10 11 12 |
---------------+-------------------------------------+-----
Short Blades   | 1 2 3 4 5 6 7 9 |  9.5
Stealth        | 3 4 5 6 7 |  7.9
Hexes          | 4 5 6 7 9 10 | 10.8
Ice Magic      | 1 2 3 4 |  4.1
Spellcasting   | 3 4 5 6 7 |  7.0
Fighting       | 1 2 3 4 5 6 |  6.9
Invocations    | 1 3 5 6 8 |  8.8
Dodging        | |  1.7

Action                     |  1- 3 |  4- 6 |  7- 9 | 10-12 || total
---------------------------+-------+-------+-------+-------++-------
  Melee: Dagger            |   154 |   202 |   283 |   477 ||  1116
         Punch             |       |     1 |     4 |     7 ||    12
         Touch             |       |       |       |    49 ||    49
   Cast: Ensorcelled Hiber |     7 |    15 |    40 |   162 ||   224
         Confusing Touch   |       |     2 |     8 |    16 ||    26
  Evoke: Wand              |       |     2 |       |       ||     2
    Use: Scroll            |     1 |     4 |     8 |    16 ||    29
         Potion            |       |       |     1 |     1 ||     2
   Stab: Sleeping          |    11 |    18 |    47 |   110 ||   186
         Confused          |       |     4 |     8 |    13 ||    25
         Distracted        |       |     1 |       |     1 ||     2
         Invisible         |       |       |     1 |     3 ||     4
         Petrified         |       |       |       |     2 ||     2
 Armour: Robe              |   102 |    40 |       |       ||   142
         Ring mail         |       |    45 |   128 |   288 ||   461
  Dodge: Dodged            |   125 |   105 |   148 |   274 ||   652
         Repelled          |       |     1 |       |     1 ||     2
  Block: Other             |       |    38 |    40 |    66 ||   144

Levels and vault maps discovered:
D:1:      minmay_arrival_four_houses, layout_rooms
D:2:      layout_basic, hellmonk_ecumenical_altar_run_dry, uniq_jessica
D:3:      layout_basic, nicolae_overflow_crystal_walls
D:4:      layout_cave_pools, grunt_dithmenos_smoke, okawaru_altar_gauntlet_db,
          trog_three_pillars_becter, minmay_temple_entry_grid,
          gammafunk_ghost_necromancy, kennysheep_generic_room_5, uniq_eustachio
D:5:      gammafunk_steamed_eel, layout_loops_corners, elyvilon_altar_5,
          serial_shops, nicolae_shop_advertising_works
          [nicolae_subvault_shop_adworks], minmay_misc_feat_tower, st_stairs_9,
          minmay_manual_monstrance, uniq_crazy_yiuf_cottage, uniq_pikel
D:6:      minmay_diamond_boxcup, layout_basic, uniq_edmund
D:7:      layout_basic, lemuel_blue_sif_altar, gammafunk_temple_overflow_wave,
          enter_bailey_3, grunt_tough_drop, uniq_maggie
D:8:      layout_cave_pools, nicolae_uskayaw_murder_on_the_dancefloor
D:9:      layout_basic, lair_entry_dummy, roderic_lattice_a,
          amcnicky_mini_corridor_feature, uniq_grum
D:10:     layout_rooms, jmf_multi_god_temple, slow_altar_2, serial_shops, shop,
          uniq_maurice
D:11:     layout_long_grid
D:12:     minmay_open_boxes_in_corner, layout_basic, orc_0_dummy, special_room
          [special_room_orc], chequers_mini_garden,
          minmay_the_grid_square_5x5_3x3_mashed [minmay_the_grid_square_5x5_six,
          minmay_the_grid_square_5x5_checkered_sparse,
          minmay_the_grid_square_5x5_comb,
          minmay_the_grid_square_5x5_sharp_hourglass,
          minmay_the_grid_square_5x5_megaprize_crossed,
          minmay_the_grid_square_5x5_n_small,
          minmay_the_grid_square_5x5_inner_v,
          minmay_the_grid_square_5x5_pentomino_r,
          minmay_the_grid_square_5x5_lines]
Temple:   hellmonk_temple_beads

Notes
Turn   | Place    | Note
-------+----------+-------------------------------------------
     0 | D:1      | kae the Demonspawn Enchanter began the quest for the Orb.
     0 | D:1      | Reached XP level 1. HP: 13/13 MP: 3/3
     0 | D:1      | magus.rc [v1.11.3]
    70 | D:1      | Reached skill level 1 in Short Blades
   161 | D:1      | Gained mutation: Your movements are slightly less
                  | encumbered by armour. (ER -2) [demonic ancestry]
   161 | D:1      | Reached XP level 2. HP: 17/19 MP: 5/5
   218 | D:1      | Learned a level 2 spell: Ensorcelled Hibernation
   626 | D:2      | You pick up a book of Air and begin reading...
   626 | D:2      | You add the spells Shock, Swiftness and Airstrike to your
                  | library.
   664 | D:2      | Reached XP level 3. HP: 24/24 MP: 6/6
   668 | D:2      | Learned a level 3 spell: Confusing Touch
   679 | D:2      | Noticed Jessica
   776 | D:2      | Killed Jessica
   777 | D:2      | Reached skill level 3 in Stealth
   795 | D:2      | Found a faded altar of an unknown god.
  1055 | D:2      | You fall into a shaft and drop 2 floors!
  1062 | D:4      | Found a staircase to the Ecumenical Temple.
  1076 | D:4      | Noticed a phantom
  1082 | D:3      | Reached skill level 2 in Short Blades
  1082 | D:3      | Reached XP level 4. HP: 18/30 MP: 7/7
  1112 | D:3      | Found a sacrificial altar of Ru.
  1279 | D:4      | Found a runed translucent gate.
  1279 | D:4      | Found a runed translucent gate.
  1279 | D:4      | Found a runed translucent gate.
  1294 | D:4      | Noticed kae's ghost (novice DsEn)
  1309 | D:4      | Reached skill level 4 in Hexes
  1321 | D:4      | Noticed a phantom
  1339 | D:4      | Killed a phantom
  1340 | D:4      | Reached skill level 1 in Ice Magic
  1340 | D:4      | Reached XP level 5. HP: 29/35 MP: 9/9
  1355 | Temple   | Entered the Ecumenical Temple
  1382 | D:4      | Killed a phantom
  1383 | D:4      | Gained mutation: A meltable shield of frost defends you.
                  | (SH +0) [demonic ancestry]
  1383 | D:4      | Reached XP level 6. HP: 41/41 MP: 10/10
  1407 | D:4      | Identified the +2 ring mail of Love and Death {Will+ Str+3}
  1449 | D:4      | Found a shadowy altar of Dithmenos.
  1547 | D:4      | Became a worshipper of Dithmenos the Shadowed
  1853 | D:2      | Reached skill level 3 in Short Blades
  2304 | D:3      | Reached skill level 3 in Spellcasting
  2402 | D:3      | Reached * piety under Dithmenos
  2858 | D:4      | Found an iron altar of Okawaru.
  3008 | D:4      | Noticed Eustachio
  3035 | D:4      | Killed Eustachio
  3036 | D:4      | Reached skill level 1 in Fighting
  3036 | D:4      | Reached skill level 5 in Hexes
  3036 | D:4      | Reached skill level 2 in Ice Magic
  3036 | D:4      | Reached skill level 1 in Invocations
  3036 | D:4      | Reached XP level 7. HP: 25/48 MP: 11/11
  3216 | D:4      | Found a bloodstained altar of Trog.
  3228 | D:4      | Reached skill level 4 in Stealth
  3353 | D:5      | Entered Level 5 of the Dungeon
  3374 | D:5      | Found a transporter.
  3396 | D:5      | Reached skill level 4 in Short Blades
  3396 | D:5      | Reached skill level 2 in Invocations
  3538 | D:5      | Found Guemist's Antique Armour Boutique.
  3538 | D:5      | Noticed Pikel
  3549 | D:5      | Killed Pikel
  3550 | D:5      | Reached skill level 2 in Fighting
  3550 | D:5      | Reached skill level 3 in Invocations
  3550 | D:5      | Reached XP level 8. HP: 56/56 MP: 13/13
  3559 | D:5      | Reached ** piety under Dithmenos
  3581 | D:5      | Reached skill level 6 in Hexes
  3737 | D:5      | Reached skill level 4 in Spellcasting
  3960 | D:5      | Reached skill level 3 in Ice Magic
  4047 | D:5      | Found a transporter.
  4064 | D:5      | Reached skill level 5 in Short Blades
  4570 | D:6      | Reached skill level 3 in Fighting
  4608 | D:6      | Reached XP level 9. HP: 52/58 MP: 15/15
  4730 | D:6      | Reached skill level 4 in Invocations
  4856 | D:6      | Noticed Edmund
  4889 | D:6      | Reached skill level 5 in Stealth
  4909 | D:6      | Killed Edmund
  5005 | D:6      | Noticed a two-headed ogre
  5015 | D:6      | Killed a two-headed ogre
  5016 | D:6      | Reached skill level 7 in Hexes
  5097 | D:6      | Reached skill level 6 in Short Blades
  5097 | D:6      | Reached skill level 5 in Invocations
  5501 | D:6      | Learned a level 3 spell: Tukima's Dance
  5505 | D:6      | Learned a level 3 spell: Dazzling Flash
  5677 | D:7      | Found a flagged portal.
  5690 | Bailey   | Entered a bailey
  5806 | Bailey   | Reached *** piety under Dithmenos
  5821 | Bailey   | Reached skill level 4 in Fighting
  5891 | Bailey   | Noticed an orc knight
  5945 | Bailey   | Reached skill level 4 in Ice Magic
  6044 | Bailey   | Killed an orc knight
  6045 | Bailey   | Reached skill level 5 in Spellcasting
  6045 | Bailey   | Reached XP level 10. HP: 19/71 MP: 16/17
  6599 | D:7      | Noticed Maggie
  6614 | D:7      | Killed Maggie
  6623 | D:7      | Reached skill level 8 in Hexes
  6918 | D:7      | Found a shimmering altar of Xom.
  6918 | D:7      | Found a blossoming altar of Fedhas.
  7065 | D:7      | Found a shimmering blue altar of Sif Muna.
  7194 | D:8      | Reached skill level 6 in Invocations
  7200 | D:8      | Reached **** piety under Dithmenos
  7203 | D:8      | Found a hide-covered altar of Uskayaw.
  7366 | D:8      | Reached skill level 6 in Stealth
  7441 | D:8      | Reached skill level 7 in Short Blades
  7753 | D:8      | You pick up a book of Lightning and begin reading...
  7753 | D:8      | You add the spells Vhi's Electric Charge, Arcjolt and
                  | Plasma Beam to your library.
  8239 | D:9      | Reached skill level 5 in Fighting
  8290 | D:9      | Identified the ring of the Pariah {rElec rF+ rN+++ Int+6
                  | Dex-4}
  8384 | D:9      | Found a staircase to the Lair.
  8575 | D:9      | Noticed Grum
  8589 | D:9      | Killed Grum
  8690 | D:10     | Entered Level 10 of the Dungeon
  8792 | D:10     | Noticed Maurice
  8806 | D:10     | Killed Maurice
  8807 | D:10     | Reached skill level 9 in Hexes
  8807 | D:10     | Gained mutation: Your touch may inflict minor irresistible
                  | damage on your foes. [demonic ancestry]
  8807 | D:10     | Reached XP level 11. HP: 58/80 MP: 19/19
  8882 | D:10     | Found Viskaho's Assorted Antiques.
  8923 | D:10     | Bought an inky potion for 29 gold pieces
  8923 | D:10     | Bought a scroll labelled PUIRHU INKOSYO for 33 gold pieces
  8923 | D:10     | Bought a scroll of blinking for 247 gold pieces
  8974 | D:10     | Found a radiant altar of Vehumet.
  9044 | D:10     | Reached skill level 7 in Invocations
  9071 | D:10     | Reached skill level 8 in Short Blades
  9077 | D:10     | Reached skill level 6 in Spellcasting
  9272 | D:10     | You pick up a book of Fire and begin reading...
  9272 | D:10     | You add the spells Foxfire and Starburst to your library.
  9311 | D:10     | Reached ***** piety under Dithmenos
  9368 | D:10     | Found a snail-covered altar of Cheibriados.
 10070 | D:11     | Reached skill level 7 in Stealth
 10138 | D:11     | Reached skill level 6 in Fighting
 10241 | D:11     | Noticed a two-headed ogre
 10251 | D:11     | Killed a two-headed ogre
 10498 | D:12     | Noticed a green ugly thing
 10502 | D:12     | Noticed a red ugly thing
 10589 | D:12     | Noticed a brown ugly thing
 10606 | D:11     | Killed a brown ugly thing
 10607 | D:11     | Reached skill level 10 in Hexes
 10733 | D:12     | Reached skill level 8 in Invocations
 10818 | D:12     | Noticed a catoblepas
 10821 | D:12     | Noticed a boulder beetle
 10852 | D:12     | Killed a boulder beetle
 11050 | D:12     | Reached skill level 9 in Short Blades
 11102 | D:12     | Gained mutation: Your touch may inflict irresistible damage
                  | on your foes. [demonic ancestry]
 11102 | D:12     | Reached XP level 12. HP: 82/89 MP: 21/21
 11276 | D:12     | Noticed a two-headed ogre
 11287 | D:12     | Noticed a boulder beetle
 11298 | D:12     | Killed a boulder beetle
 11779 | D:12     | Noticed a boulder beetle
 11792 | D:12     | Killed a boulder beetle
 11891 | D:12     | Reached skill level 7 in Spellcasting
 11926 | D:12     | HP: 18/89 [red ugly thing (17)]
 11929 | D:12     | Slain by a red ugly thing

Vanquished Creatures
  2 two-headed ogres
  3 boulder beetles (D:12)
  A deep elf archer (D:12)
  Pikel (D:5)
  An orc knight (Bailey)
  A deep elf pyromancer (D:12)
  A manticore (D:12)
  2 cyclopes (D:12)
  An ugly thing (D:11)
  Maurice (D:10)
  Maggie (D:7)
  A yaktaur (D:12)
  A tengu conjurer (D:12)
  3 trolls
  A wyvern (D:10)
  A wraith (D:7)
  A shadow (D:10)
  Eustachio (D:4)
  28 yaks
  A basilisk (D:12)
  Grum (D:9)
  A steam dragon (D:8)
  A redback (D:12)
  4 vampire mosquitoes (D:12)
  Edmund (D:6)
  A water moccasin (D:8)
  14 orc warriors
  2 ogres
  3 black bears (D:5)
  4 ice beasts
  3 wolves (D:9)
  9 centaurs
  2 phantoms (D:4)
  A kobold brigand (D:10)
  2 bullfrogs
  3 scorpions
  2 gnoll sergeants
  14 wights
  3 killer bees (D:10)
  4 howler monkeys
  2 jellies (D:5)
  4 hounds
  2 sleepcaps
  A gnoll bouda (D:7)
  An iron imp (D:10)
  9 orc priests
  2 iguanas (D:6)
  Jessica (D:2)
  20 orc wizards
  17 gnolls
  6 adders
  A shadow imp (D:5)
  A white imp (D:8)
  6 ufetubi
  2 worms
  2 dart slugs
  74 orcs
  2 bats
  6 endoplasms
  5 giant cockroaches
  16 goblins
  12 hobgoblins
  9 jackals
  7 kobolds
  6 quokkas
  7 ball pythons
  3 frilled lizards
  5 rats
357 creatures vanquished.

Table legend:
 A = Non-vault XP
 B = Vault XP
 C = Vault XP percentage of total XP
 D = Non-vault monster count
 E = Vault monster count
 F = Vault count percentage of total count
                 A         B        C        D         E       F
            +---------+---------+-------+---------+---------+-------
      Total |   17120 |   11562 |  40.3 |     249 |     108 |  30.3
            +---------+---------+-------+---------+---------+-------
        D:1 |      30 |       0 |   0.0 |      16 |       0 |   0.0
        D:2 |      45 |      37 |  45.1 |      27 |       1 |   3.6
        D:3 |     162 |       0 |   0.0 |      22 |       0 |   0.0
        D:4 |     323 |     356 |  52.4 |      18 |       9 |  33.3
        D:5 |     668 |     950 |  58.7 |      17 |       7 |  29.2
        D:6 |     767 |    1340 |  63.6 |      16 |      10 |  38.5
        D:7 |     958 |     876 |  47.8 |      17 |      11 |  39.3
        D:8 |     964 |       0 |   0.0 |      15 |       0 |   0.0
        D:9 |    1158 |     548 |  32.1 |      27 |       4 |  12.9
       D:10 |    3169 |     858 |  21.3 |      35 |       4 |  10.3
       D:11 |    4921 |     193 |   3.8 |      26 |       1 |   3.7
       D:12 |    3955 |    5596 |  58.6 |      13 |      35 |  72.9
     Bailey |       0 |     808 | 100.0 |       0 |      26 | 100.0
            +---------+---------+-------+---------+---------+-------

Skill      XL: |  1  2  3  4  5  6  7  8  9 10 11 12 |
---------------+-------------------------------------+-----
Short Blades   | 1 2 3 4 5 6 7 9 |  9.5
Stealth        | 3 4 5 6 7 |  7.9
Hexes          | 4 5 6 7 9 10 | 10.8
Ice Magic      | 1 2 3 4 |  4.1
Spellcasting   | 3 4 5 6 7 |  7.0
Fighting       | 1 2 3 4 5 6 |  6.9
Invocations    | 1 3 5 6 8 |  8.8
Dodging        | |  1.7

Action                     |  1- 3 |  4- 6 |  7- 9 | 10-12 || total
---------------------------+-------+-------+-------+-------++-------
  Melee: Dagger            |   154 |   202 |   283 |   477 ||  1116
         Punch             |       |     1 |     4 |     7 ||    12
         Touch             |       |       |       |    49 ||    49
   Cast: Ensorcelled Hiber |     7 |    15 |    40 |   162 ||   224
         Confusing Touch   |       |     2 |     8 |    16 ||    26
  Evoke: Wand              |       |     2 |       |       ||     2
    Use: Scroll            |     1 |     4 |     8 |    16 ||    29
         Potion            |       |       |     1 |     1 ||     2
   Stab: Sleeping          |    11 |    18 |    47 |   110 ||   186
         Confused          |       |     4 |     8 |    13 ||    25
         Distracted        |       |     1 |       |     1 ||     2
         Invisible         |       |       |     1 |     3 ||     4
         Petrified         |       |       |       |     2 ||     2
 Armour: Robe              |   102 |    40 |       |       ||   142
         Ring mail         |       |    45 |   128 |   288 ||   461
  Dodge: Dodged            |   125 |   105 |   148 |   274 ||   652
         Repelled          |       |     1 |       |     1 ||     2
  Block: Other             |       |    38 |    40 |    66 ||   144

Illustrated notes

Table legend:
 A = Kills in this place as a percentage of kills in the entire game.
 B = Kills by you in this place as a percentage of kills by you in the entire game.
 C = Kills by friends in this place as a percentage of kills by friends in the entire game.
 D = Other kills in this place as a percentage of other kills in the entire game.
 E = Experience gained in this place as a percentage of experience gained in the entire game.
 F = Experience gained in this place divided by the number of levels of this place that you have seen.
                   A       B       C       D       E      F
               +-------+-------+-------+-------+-------+----------------------
         Total | 100.0 | 100.0 |   N/A | 100.0 | 100.0 | 2048.7
       Dungeon |  92.7 |  92.7 |   N/A | 100.0 |  97.2 | 2322.8
        Bailey |   7.3 |   7.3 |   N/A |   0.0 |   2.8 | 808.0
               +-------+-------+-------+-------+-------+----------------------

Table legend: (Time is in decaauts)
 A = Elapsed time spent in this place.
 B = Non-inter-level travel time spent in this place.
 C = Inter-level travel time spent in this place.
 D = Time resting spent in this place.
 E = Time spent auto-exploring this place.
 F = Levels seen in this place.
 G = Mean time per level.
                   A        B        C        D        E       F      G
               +--------+--------+--------+--------+--------+-----+--------+
         Total |  11717 |  11277 |    440 |    686 |   7899 |  14 |  836.9 |
       Dungeon |  11262 |  10823 |    439 |    663 |   7612 |  12 |  938.5 |
        Temple |      1 |      0 |      1 |      0 |      0 |   1 |    1.0 |
        Bailey |    452 |    452 |      0 |     23 |    287 |   1 |  452.0 |
               +--------+--------+--------+--------+--------+-----+--------+

Top non-repeatable levels by time:
    D:12: 1360 daAuts
     D:7: 1160 daAuts
     D:6: 1117 daAuts
     D:2: 1058 daAuts
    D:11: 1025 daAuts
     D:5: 1021 daAuts
     D:3: 856 daAuts
     D:4: 832 daAuts
    D:10: 815 daAuts
     D:9: 795 daAuts
     D:8: 653 daAuts
     D:1: 565 daAuts
  Bailey: 452 daAuts
  Temple: 1 daAuts
